 Dungeon Crawl Stone Soup version 0.29.0-11-gd7f09526c8 (webtiles) character file.

Game seed: 16548528242060022946

0 xian the Sneak (level 1, -5/22 HPs)
             Began as a Troll Delver on Sept 6, 2022.
             Slain by a phantom (7 damage)
             ... on level 3 of the Dungeon.
             The game lasted 00:01:57 (171 turns).

xian the Sneak (Troll Delver)                        Turns: 171, Time: 00:01:59

Health: -5/22      AC:  4    Str: 19    XL:     1   Next: 0%
Magic:  0/0        EV:  9    Int:  6    God:
Gold:   6          SH:  0    Dex: 11    Spells: 0/0 levels left

rFire   . . .      SeeInvis .   h - +1 sling (flame)
rCold   . . .      Faith    .   (no shield)
rNeg    . . .      Spirit   .   b - +0 robe
rPois   .          Reflect  .   (helmet restricted)
rElec   .          Harm     .   (no cloak)
rCorr   .          Rampage  .   (gloves unavailable)
Will    .....                   (boots unavailable)
Stlth   ++........              (no amulet)
HPRegen 0.87/turn               (no ring)
MPRegen 0.07/turn               (no ring)

@: no status effects
A: large, unfitting armour, claws 3, regeneration 1, shaggy fur 1, tough skin 1
a: no special abilities


You were on level 3 of the Dungeon.
You visited 1 branch of the dungeon, and saw 3 of its levels.

You collected 6 gold pieces.

Inventory:

Hand Weapons
 a - a +0 mace
 h - a +1 sling of flaming (weapon)
Armour
 b - a +0 robe (worn)
Wands
 g - a wand of digging (3)
Scrolls
 c - a scroll of fog
 d - 2 scrolls of magic mapping
 e - a scroll of fear
Potions
 f - a potion of haste


   Skills:
 + Level 2.4 Fighting
 - Level 1.7 Maces & Flails
 + Level 1.5 Dodging
 - Level 2.7 Stealth


You couldn't memorise any spells.
You didn't know any spells.
Your spell library was empty.

Dungeon Overview and Level Annotations

Branches:
Dungeon (5/15)
 Temple: D:4-7

Altars:

Annotations:
D:5 Grinder


Innate Abilities, Weirdness & Mutations

You are too large for most types of armour.
You have claws for hands.
Your natural rate of healing is unusually fast.
You are covered in fur. (AC +1)
You have tough skin. (AC +1)


Message History

The phantom is severely damaged.
The phantom barely misses you.
Fire: h) +1 sling (flame)
Press: ? - help, Q - select action Shift-Dir - straight line, f/p - phantom
Aim: a phantom (severely damaged, 41% to hit)
You shoot a sling bullet.
The sling bullet closely misses the phantom.
The phantom hits you!
The phantom blinks!
You blink.
Fire: h) +1 sling (flame)
Press: ? - help, Q - select action Shift-Dir - straight line, f/p - phantom
Aim: a phantom (severely damaged, 41% to hit)
You shoot a sling bullet.
The sling bullet closely misses the phantom.
The phantom hits you.
The phantom blinks!
You blink.
The phantom barely misses you.
Fire: h) +1 sling (flame)
Press: ? - help, Q - select action Shift-Dir - straight line, f/p - phantom
Aim: a phantom (severely damaged, 41% to hit)
You shoot a sling bullet. The sling bullet misses the phantom.
The phantom closely misses you.
The orc priest looks encouraged for a moment.
Fire: h) +1 sling (flame)
Press: ? - help, Q - select action Shift-Dir - straight line, f/p - phantom
Aim: a phantom (severely damaged, 41% to hit)
You shoot a sling bullet.
The sling bullet barely misses the phantom.
The sling bullet closely misses the orc.
The phantom hits you but does no damage. x2
Fire: h) +1 sling (flame)
Press: ? - help, Q - select action Shift-Dir - straight line, f/p - phantom
Aim: a phantom (severely damaged, 41% to hit)
You shoot a sling bullet.
The sling bullet closely misses the phantom.
The orc closely misses you.
The orc priest mumbles some strange prayers to Beogh against you.
Beogh smites you!
Ouch! That really hurt!
* * * LOW HITPOINT WARNING * * *
The phantom hits you!
You die...

♣ ♣.# ♣... ##
♣.#..###### ..
♣....oo...###.#
♣.##.####o....#
## ##.........
...###.oW#######
#......@#
#####...# #####


You could see a phantom, an orc priest and an orc.

Vanquished Creatures (others)
  A ball python (D:3)
1 creature vanquished.

Notes
Turn   | Place    | Note
-------+----------+-------------------------------------------
     0 | D:5      | xian the Troll Delver began the quest for the Orb.
     0 | D:5      | Reached XP level 1. HP: 22/22 MP: 0/0
     7 | D:5      | Noticed Grinder
   130 | D:4      | Noticed a phantom
   160 | D:3      | Noticed an orc priest
   171 | D:3      | Slain by a phantom

Illustrated notes

Levels and vault maps discovered:
D:3:      layout_loops_ring, chequers_ecumenical_altar_lobes, nrook_campfire
D:4:      layout_loops_corners, mainiacjoe_overflow_24_doors,
          lightli_temple_of_fire, serial_shops,
          nicolae_shop_bloodbath_and_beyond, uniq_pikel
D:5:      kennysheep_six_static_rooms, layout_basic, uniq_grinder,
          uniq_crazy_yiuf_cottage

Action                   || total
-------------------------++-------
Melee: Mace              ||    11
 Fire: Sling             ||    16
Armor: Robe              ||     8
Dodge: Dodged            ||    14
